 Dungeon Crawl Stone Soup version 0.19-a0-1686-g35356ef (webtiles) character file.

107 st0uf the Skirmisher (level 4, 0/37 HPs)
             Began as a Demonspawn Fighter on Sept 25, 2016.
             Slain by Grinder (2 damage)
             ... while paralysed by Grinder
             ... on level 3 of the Dungeon.
             The game lasted 00:07:51 (2806 turns).

st0uf the Skirmisher (Demonspawn Fighter)           Turns: 2806, Time: 00:07:52

Health: 0/37       AC:  8    Str: 23    XL:     4   Next: 56%
Magic:  4/4        EV:  2    Int:  9    God:
Gold:   110        SH:  0    Dex: 12    Spells: 0 memorised, 3 levels left

rFire  . . .     SeeInvis .     a - +0 war axe
rCold  . . .     Gourm    .     b - +1 scale mail
rNeg   . . .     Faith    .     (no shield)
rPois  .         Spirit   .     (no helmet)
rElec  .         Dismiss  .     (no cloak)
rCorr  .         Reflect  .     (no gloves)
MR     .....     Harm     .     (no boots)
Stlth  ..........               (no amulet)
                                (no ring)
                                (no ring)

@: paralysed, mighty
A: powered by death 1
a: no special abilities


You were on level 3 of the Dungeon.
You were not hungry.

You visited 1 branch of the dungeon, and saw 4 of its levels.

You collected 110 gold pieces.

Inventory:

Hand Weapons
 a - a +0 war axe (weapon)
Armour
 b - a +1 scale mail (worn)
Jewellery
 i - an uncursed amulet of harm {unknown}
 u - a cursed amulet of inaccuracy {unknown}
Wands
 q - a wand of hasting (8/9)
Scrolls
 c - a scroll of fear {unknown}
 e - 2 scrolls of blinking {unknown}
 g - 4 scrolls of enchant armour
 h - 2 scrolls of recharging
 j - a scroll of immolation {unknown}
 k - a scroll of remove curse {unknown}
 l - 2 scrolls of teleportation {unknown}
 m - 2 scrolls of identify {unknown}
Potions
 n - a potion of invisibility {unknown}
 o - a potion of flight {unknown}
 p - 2 potions of curing {unknown}
 r - a potion of lignification {unknown}
 s - a potion of degeneration {unknown}
 t - a potion of ambrosia {unknown}
Comestibles
 f - 4 bread rations
 v - 3 chunks of flesh


   Skills:
 * Level 4.1 Fighting
 * Level 2.9 Axes
 + Level 3.1 Armour
 + Level 0.8 Dodging
   Level 2.6 Shields


You had 3 spell levels left.
You didn't know any spells.

Dungeon Overview and Level Annotations

Branches:
Dungeon (4/15)
 Temple: D:4-7

Altars:
Gozag
Trog

Annotations:
D:3 Grinder


Innate Abilities, Weirdness & Mutations

You regenerate a little health from kills.


Message History

You slash Grinder!
Grinder is moderately wounded.
Grinder hits you but does no damage.
You barely miss Grinder.
Grinder is moderately wounded.
Grinder blinks!
Grinder says, "There's only one good use for a tongue: cutting it out."
Grinder hits you but does no damage.
You closely miss Grinder.
Grinder is moderately wounded.
Grinder gestures at you.
You suddenly lose the ability to move!
Grinder blinks!
Grinder blinks!
Grinder gestures at you. Pain shoots through your body!
* * * LOW HITPOINT WARNING * * *
Grinder hits you.
* * * LOW HITPOINT WARNING * * *
You writhe in agony.
You die...

.....# ...# #...# #
#...# #...#
#####...####### .#
..............# ...
..............# #.#
..............# #.#
#####).@#####.## #.# ...
#.)5# #...###.# # #.#
#...# #.#.#.##.##.# ##
#.#
#####...##.##.5.......##
.# #.####.......###
###.##.##### .#
#.#.##.###...# #.###.#
###
.####....#5###########.#
#.###<.
.......................
#.....#
.###..............####
#######


You could see Grinder.

Vanquished Creatures
  5 adders
  An ooze (D:2)
  2 worms (D:2)
  2 leopard geckos
  A ball python (D:3)
  3 giant cockroaches
  8 goblins
  8 hobgoblins
  3 jackals (D:3)
  4 kobolds
  5 bats
  5 frilled lizards
  2 rats
49 creatures vanquished.

Notes
Turn   | Place    | Note
-------+----------+-------------------------------------------
     0 | D:1      | st0uf the Demonspawn Fighter began the quest for the Orb.
     0 | D:1      | Reached XP level 1. HP: 18/18 MP: 1/1
   302 | D:1      | Gained mutation: You regenerate a little health from kills. [demonic ancestry]
   302 | D:1      | Reached XP level 2. HP: 22/24 MP: 2/2
  1021 | D:2      | Reached XP level 3. HP: 29/29 MP: 3/3
  1628 | D:2      | Found an opulent altar of Gozag.
  1628 | D:2      | Found a bloodstained altar of Trog.
  1815 | D:2      | Reached skill level 4 in Fighting
  1954 | D:2      | Reached XP level 4. HP: 18/37 MP: 4/4
  2495 | D:3      | Noticed Grinder
  2495 | D:3      | Paralysed by Grinder for 5 turns
  2632 | D:4      | Noticed a phantom
  2785 | D:3      | Found a faded altar of an unknown god.
  2791 | D:3      | Paralysed by Grinder for 7 turns
  2803 | D:3      | Paralysed by Grinder for 5 turns
  2806 | D:3      | Slain by Grinder

Vault maps used:
D:1:      ncdulo_watergridlock
D:2:      gammafunk_temple_overflow_elements, serial_co_window_serial,
          co_window_cross_1, co_window_paths_b, co_window_paths_a,
          co_window_of_opportunity_a, co_window_paths_b, co_window_paths_a,
          co_window_broadway_b, co_window_broadway_a, co_window_broadway_a
D:3:      ecumenical_altar_1, uniq_grinder
D:4:      first_bread, evilmike_ruin_ashenzari

Skill      XL: |  1  2  3 |
---------------+----------+-----
Axes           | 2 |  2.9
Armour         | 3 |  3.1
Fighting       | 4 |  4.1
Dodging        | |  0.8
Shields        | |  2.6

Action                   |  1- 3 |  4- 6 || total
-------------------------+-------+-------++-------
Melee: War axe           |   135 |    65 ||   200
  Use: Scroll            |       |     2 ||     2
       Potion            |       |     1 ||     1
  Eat: Chunk             |     3 |     3 ||     6
Armor: Scale mail        |    57 |    44 ||   101
Dodge: Dodged            |    91 |    44 ||   135
Block: Shield            |     2 |       ||     2
